NWL (28 & UNDER)
MENLO MANIACS @ RED DEER WRANGLERS
09/09/2027
 
TOP OF THE 1ST
Menlo Maniacs batting - Pitching for Red Deer Wranglers : RHP William Bryant
Pitching: RHP William Bryant
Batting: RHB António López 0-0: Called Strike
0-1: Fly out, F5 (Line Drive, 56)
Batting: RHB Kyle Mann 0-0: Called Strike
0-1: Foul Ball, location: 2F
0-2: Ball
1-2: Fly out, F8 (Flyball, 8LD)
Batting: LHB Bill McCraney 0-0: Called Strike
0-1: Foul Ball, location: 2F
0-2: Foul Ball, location: 2F
0-2: Foul Ball, location: 2F
0-2: Strikes out swinging
Top of the 1st over - 0 run(s), 0 hit(s), 0 error(s), 0 left on base; Menlo 0 - Red Deer 0
BOTTOM OF THE 1ST
Red Deer Wranglers batting - Pitching for Menlo Maniacs : RHP José Córdova
Pitching: RHP José Córdova
Batting: RHB Art Cameron 0-0: Called Strike
0-1: Called Strike
0-2: Ball
1-2: Foul Ball, location: 2F
1-2: Foul Ball, location: 2F
1-2: Ball
2-2: Foul Ball, location: 2F
2-2: Strikes out swinging
Batting: LHB Jorge Olvera 0-0: Ball
1-0: Called Strike
1-1: Swinging Strike
1-2: Ball
2-2: Foul Ball, location: 2F
2-2: Ball
3-2: Fly out, F8 (Flyball, 8LM)
Batting: RHB Luis Ibarra 0-0: Ball
1-0: Ball
2-0: Ball
3-0: Called Strike
3-1: Foul Ball, location: 2F
3-2: Base on Balls
Batting: LHB Fred Abrams 0-0: Ball
1-0: Fly out, F8 (Line Drive, 8RM)
Bottom of the 1st over - 0 run(s), 0 hit(s), 0 error(s), 1 left on base; Menlo 0 - Red Deer 0
TOP OF THE 2ND
Menlo Maniacs batting - Pitching for Red Deer Wranglers : RHP William Bryant
Batting: RHB Jason Blair 0-0: Ball
1-0: Ball
2-0: Ground out 5-3 (Groundball, 56)
Batting: RHB Luis Ramírez 0-0: Swinging Strike
0-1: Ball
1-1: Swinging Strike
1-2: Ball
2-2: Ball
3-2: Strikes out swinging
Batting: RHB Currito Campos 0-0: Fly out, F9 (Flyball, 9LS)
Top of the 2nd over - 0 run(s), 0 hit(s), 0 error(s), 0 left on base; Menlo 0 - Red Deer 0
BOTTOM OF THE 2ND
Red Deer Wranglers batting - Pitching for Menlo Maniacs : RHP José Córdova
Batting: LHB Russell Peck 0-0: Swinging Strike
0-1: Called Strike
0-2: SINGLE (Groundball, 56D)
Batting: LHB Andrew Veeck 0-0: Swinging Strike
0-1: Foul Ball, location: 2F
0-2: Foul Ball, location: 2F
0-2: SINGLE (Groundball, 4MD)
Russell Peck to second
Runner from 2nd tries for 3rd, SAFE, throw made to third
Andrew Veeck to second
Batting: RHB Steve Burton 0-0: Ball
1-0: Foul Ball, location: 2F
1-1: Ball
2-1: SINGLE (Groundball, 56) (infield hit)
Russell Peck scores
Andrew Veeck to third
Batting: RHB Ricardo González 0-0: Called Strike
0-1: Ball
1-1: Foul Ball, location: 2F
1-2: Strikes out swinging
Batting: RHB Paul Swift 0-0: Ball
1-0: Foul Ball, location: 2F
1-1: DOUBLE (Flyball, 89D)
Andrew Veeck scores
Steve Burton to third
Runner from 3rd tries for Home, SAFE, no throw
Batting: RHB Art Cameron 0-0: Ball
1-0: Ball
2-0: Ball
3-0: Called Strike
3-1: Base on Balls
Batting: LHB Jorge Olvera 0-0: Ball
1-0: Ball
2-0: Foul Ball, location: 2F
2-1: Foul Ball, location: 2F
2-2: Ball
3-2: Base on Balls
Paul Swift to third
Art Cameron to second
Batting: RHB Luis Ibarra 0-0: Called Strike
0-1: Called Strike
0-2: Ball
1-2: Strikes out swinging
Batting: LHB Fred Abrams 0-0: Ball
Wild Pitch!
Paul Swift scores
Art Cameron to third
Jorge Olvera to second
1-0: Ball
2-0: Swinging Strike
2-1: Ball
3-1: Base on Balls
Batting: LHB Russell Peck 0-0: Ball
1-0: Ball
2-0: Called Strike
2-1: Ground out 4-3 (Groundball, 4M)
Bottom of the 2nd over - 4 run(s), 4 hit(s), 0 error(s), 3 left on base; Menlo 0 - Red Deer 4
TOP OF THE 3RD
Menlo Maniacs batting - Pitching for Red Deer Wranglers : RHP William Bryant
Batting: RHB Byron Bracy 0-0: Ball
1-0: Ground out 6-3 (Groundball, 56D)
Batting: RHB Miguel González 0-0: Ball
1-0: Foul Ball, location: 2F
1-1: Ball
2-1: Called Strike
2-2: Strikes out swinging
Batting: RHB Vaughan Price 0-0: Swinging Strike
0-1: Ball
1-1: Ball
2-1: Ground out 4-3 (Groundball, 4)
Top of the 3rd over - 0 run(s), 0 hit(s), 0 error(s), 0 left on base; Menlo 0 - Red Deer 4
BOTTOM OF THE 3RD
Red Deer Wranglers batting - Pitching for Menlo Maniacs : RHP José Córdova
Batting: LHB Andrew Veeck 0-0: Called Strike
0-1: Ball
1-1: Swinging Strike
1-2: Ball
2-2: Ball
3-2: Foul Ball, location: 2F
3-2: Strikes out swinging
Batting: RHB Steve Burton 0-0: Called Strike
0-1: Called Strike
0-2: Ball
1-2: Foul Ball, location: 2F
1-2: Ball
2-2: Foul Ball, location: 2F
2-2: Foul Ball, location: 2F
2-2: Foul Ball, location: 2F
2-2: Strikes out swinging
Batting: RHB Ricardo González 0-0: Ball
1-0: Called Strike
1-1: SOLO HOME RUN (Line Drive, 7LD), Distance : 343 ft
Batting: RHB Paul Swift 0-0: Called Strike
0-1: Ball
1-1: Foul Ball, location: 2F
1-2: Fly out, F9 (Flyball, 9S)
Bottom of the 3rd over - 1 run(s), 1 hit(s), 0 error(s), 0 left on base; Menlo 0 - Red Deer 5
TOP OF THE 4TH
Menlo Maniacs batting - Pitching for Red Deer Wranglers : RHP William Bryant
Batting: RHB António López 0-0: Ball
1-0: Fly out, F9 (Flyball, 9LS)
Batting: RHB Kyle Mann 0-0: Called Strike
0-1: Ball
1-1: Ball
2-1: Ball
3-1: Called Strike
3-2: Foul Ball, location: 2F
3-2: Fly out, F3 (Line Drive, 3)
Batting: LHB Bill McCraney 0-0: Called Strike
0-1: Ground out U3 (Groundball, 34)
Top of the 4th over - 0 run(s), 0 hit(s), 0 error(s), 0 left on base; Menlo 0 - Red Deer 5
BOTTOM OF THE 4TH
Red Deer Wranglers batting - Pitching for Menlo Maniacs : RHP José Córdova
Pitching: LHP Javier Rodríguez
Batting: RHB Art Cameron 0-0: Called Strike
0-1: TRIPLE (Line Drive, 8LM)
Batting: LHB Jorge Olvera 0-0: Called Strike
0-1: Swinging Strike
0-2: Strikes out looking
Batting: RHB Luis Ibarra 0-0: Ball
1-0: Fly out, F7 (Line Drive, 7)
Runner from 3rd tags up, SCORES, no throw
Batting: LHB Fred Abrams 0-0: Foul Ball, location: 2F
0-1: Ball
1-1: Ball
2-1: Ball
3-1: Single, Error in OF, E7, batter to second base
Batting: LHB Russell Peck 0-0: Ball
1-0: Ball
2-0: Ground out 4-3 (Groundball, 34D)
Bottom of the 4th over - 1 run(s), 2 hit(s), 1 error(s), 1 left on base; Menlo 0 - Red Deer 6
TOP OF THE 5TH
Menlo Maniacs batting - Pitching for Red Deer Wranglers : RHP William Bryant
Batting: RHB Jason Blair 0-0: Called Strike
0-1: Ball
1-1: Called Strike
1-2: Strikes out swinging
Batting: RHB Luis Ramírez 0-0: Ball
1-0: Ball
2-0: Ball
3-0: Called Strike
3-1: Base on Balls
Batting: RHB Currito Campos 0-0: Ball
1-0: Ball
2-0: Ball
3-0: Called Strike
3-1: Foul Ball, location: 2F
3-2: Base on Balls
Luis Ramírez to second
Batting: RHB Byron Bracy 0-0: Ball
1-0: Ball
2-0: Ball
3-0: Called Strike
3-1: Swinging Strike
3-2: Fly out, F9 (Flyball, 9)
Batting: RHB Miguel González 0-0: Foul Ball, location: 2F
0-1: Ball
1-1: Foul Ball, location: 2F
1-2: Ball
2-2: Ball
3-2: Strikes out swinging
Top of the 5th over - 0 run(s), 0 hit(s), 0 error(s), 2 left on base; Menlo 0 - Red Deer 6
BOTTOM OF THE 5TH
Red Deer Wranglers batting - Pitching for Menlo Maniacs : LHP Javier Rodríguez
Batting: LHB Andrew Veeck 0-0: Ball
1-0: Ball
2-0: Foul Ball, location: 2F
2-1: Swinging Strike
2-2: Foul Ball, location: 2F
2-2: Strikes out looking
Batting: RHB Steve Burton 0-0: Called Strike
0-1: Called Strike
0-2: Ball
1-2: Ball
2-2: Foul Ball, location: 2F
2-2: Ball
3-2: Foul Ball, location: 2F
3-2: Base on Balls
Batting: RHB Ricardo González 0-0: Ball
1-0: Ball
2-0: Called Strike
2-1: Grounds into double play, 4-6-3 (Groundball, 4)
Bottom of the 5th over - 0 run(s), 0 hit(s), 0 error(s), 0 left on base; Menlo 0 - Red Deer 6
TOP OF THE 6TH
Menlo Maniacs batting - Pitching for Red Deer Wranglers : RHP William Bryant
Batting: RHB Vaughan Price 0-0: Called Strike
0-1: Foul Ball, location: 2F
0-2: Ball
1-2: Ball
2-2: Foul Ball, location: 2F
2-2: Fly out, F6 (Popup, 56)
Batting: RHB António López 0-0: Ball
1-0: Called Strike
1-1: Fly out, F8 (Flyball, 8RM)
Batting: RHB Kyle Mann 0-0: Ball
1-0: Swinging Strike
1-1: Foul Ball, location: 2F
1-2: Foul Ball, location: 2F
1-2: Ball
2-2: Fly out, F8 (Flyball, 8RD)
Top of the 6th over - 0 run(s), 0 hit(s), 0 error(s), 0 left on base; Menlo 0 - Red Deer 6
BOTTOM OF THE 6TH
Red Deer Wranglers batting - Pitching for Menlo Maniacs : LHP Javier Rodríguez
Batting: RHB Paul Swift 0-0: Ball
1-0: Ball
2-0: Called Strike
2-1: Foul Ball, location: 2F
2-2: Ground out U3 (Groundball, 3L)
Batting: RHB Art Cameron 0-0: Ball
1-0: Ground out 4-3 (Groundball, 4)
Batting: LHB Jorge Olvera 0-0: Foul Ball, location: 2F
0-1: Called Strike
0-2: Ball
1-2: Strikes out swinging
Bottom of the 6th over - 0 run(s), 0 hit(s), 0 error(s), 0 left on base; Menlo 0 - Red Deer 6
TOP OF THE 7TH
Menlo Maniacs batting - Pitching for Red Deer Wranglers : RHP William Bryant
Batting: LHB Bill McCraney 0-0: Called Strike
0-1: Foul Ball, location: 2F
0-2: Ball
1-2: Fly out, F8 (Flyball, 8LD)
Batting: RHB Jason Blair 0-0: Ball
1-0: Swinging Strike
1-1: Ground out 4-3 (Groundball, 4)
Batting: RHB Luis Ramírez 0-0: Called Strike
0-1: Ball
1-1: Called Strike
1-2: Strikes out swinging
Top of the 7th over - 0 run(s), 0 hit(s), 0 error(s), 0 left on base; Menlo 0 - Red Deer 6
BOTTOM OF THE 7TH
Red Deer Wranglers batting - Pitching for Menlo Maniacs : LHP Javier Rodríguez
Batting: RHB Luis Ibarra 0-0: Called Strike
0-1: Ball
1-1: Fly out, F9 (Flyball, 9LS)
Batting: LHB Fred Abrams 0-0: Ball
1-0: Foul Ball, location: 2F
1-1: Called Strike
1-2: Fly out, F3 (Popup, 34)
Batting: LHB Russell Peck 0-0: Called Strike
0-1: Ball
1-1: Called Strike
1-2: Foul Ball, location: 2F
1-2: Ground out 4-3 (Groundball, 4S)
Bottom of the 7th over - 0 run(s), 0 hit(s), 0 error(s), 0 left on base; Menlo 0 - Red Deer 6
TOP OF THE 8TH
Menlo Maniacs batting - Pitching for Red Deer Wranglers : RHP William Bryant
Batting: RHB Currito Campos 0-0: Ball
1-0: Fly out, F8 (Flyball, 8LS)
Batting: RHB Byron Bracy 0-0: Called Strike
0-1: Ball
1-1: Ball
2-1: Fly out, F7 (Flyball, 7LSF)
Batting: RHB Miguel González 0-0: Ball
1-0: Ball
2-0: Swinging Strike
2-1: Foul Ball, location: 2F
2-2: Foul Ball, location: 2F
2-2: Strikes out swinging
Top of the 8th over - 0 run(s), 0 hit(s), 0 error(s), 0 left on base; Menlo 0 - Red Deer 6
BOTTOM OF THE 8TH
Red Deer Wranglers batting - Pitching for Menlo Maniacs : LHP Javier Rodríguez
Pitching: RHP Juan Caballero
Batting: LHB Andrew Veeck 0-0: Ball
1-0: Foul Ball, location: 2F
1-1: Ball
2-1: Called Strike
2-2: Ground out 5-3 (Groundball, 5S)
Batting: RHB Steve Burton 0-0: Ball
1-0: Called Strike
1-1: Ground out 1-3 (Groundball, 13S)
Batting: RHB Ricardo González 0-0: Called Strike
0-1: Swinging Strike
0-2: Strikes out swinging
Bottom of the 8th over - 0 run(s), 0 hit(s), 0 error(s), 0 left on base; Menlo 0 - Red Deer 6
TOP OF THE 9TH
Menlo Maniacs batting - Pitching for Red Deer Wranglers : RHP William Bryant
Batting: RHB Vaughan Price 0-0: Ball
1-0: Fly out, F4 (Popup, 4MD)
Batting: RHB António López 0-0: Ground out 2-3 (Groundball, 2L)
Batting: RHB Kyle Mann 0-0: Foul Ball, location: 2F
0-1: Ball
1-1: Swinging Strike
1-2: Ball
2-2: Ball
3-2: Fly out, F7 (Line Drive, 7)
Top of the 9th over - 0 run(s), 0 hit(s), 0 error(s), 0 left on base; Menlo 0 - Red Deer 6
Thursday, March 30th, 2017 - OOTP Baseball 17.12 Build 75